 Dungeon Crawl Stone Soup version 0.18.1-8-gdd0e5ea (webtiles) character file.

451 Lovchig the Shield-Bearer (level 6, -4/57 HPs)
             Began as a Deep Dwarf Fighter on May 26, 2016.
             Slain by an ogre
             ... wielding a +0 giant club
              (17 damage)
             ... on level 4 of the Dungeon.
             The game lasted 00:10:47 (2780 turns).

Lovchig the Shield-Bearer (Deep Dwarf Fighter)      Turns: 2780, Time: 00:10:48

Health: -4/57      AC: 12    Str: 22    XL:     6   Next: 75%
Magic:  0/6        EV:  4    Int:  8    God:
Gold:   273        SH: 10    Dex: 12    Spells: 0 memorised, 5 levels left

rFire  . . .     SeeInvis .     a - +1 war axe
rCold  . . .     Gourm    .     x - +0 plate armour
rNeg   . . .     Faith    .     c - +0 shield
rPois  +         Spirit   +     (no helmet)
rElec  .         Dismiss  .     (no cloak)
rCorr  .         Reflect  .     (no gloves)
SustAt .         Harm     .     (no boots)
MR     +....                    j - amulet of guardian spirit
Stlth  ..........               b - ring of poison resistance
                                h - ring of protection from magic

@: non-regenerating, somewhat resistant to hostile enchantments, extremely
unstealthy
A: damage resistance, recharge devices, sense surroundings 1, slow regeneration
3
a: Device Recharging


You were on level 4 of the Dungeon.
You were not hungry.

You visited 1 branch of the dungeon, and saw 4 of its levels.

You collected 273 gold pieces.

Inventory:

Hand Weapons
 a - a +1 war axe (weapon)
Armour
 c - a +0 shield (worn)
 x - a +0 plate armour (worn)
Jewellery
 b - a ring of poison resistance (right hand)
 h - a ring of protection from magic (left hand)
 j - an amulet of guardian spirit (around neck)
 m - an uncursed ring of wizardry
 t - an uncursed ring of positive energy
Wands
 e - a wand of heal wounds (1/9)
Scrolls
 g - a scroll of blinking {unknown}
 i - a scroll of amnesia {unknown}
 k - a scroll of remove curse
 l - 2 scrolls of magic mapping
 r - a scroll of recharging {unknown}
 u - a scroll of identify
Potions
 d - a potion of might
 o - 2 potions of cure mutation
 s - 2 potions of curing
 v - a potion of lignification
Comestibles
 f - 3 bread rations
 n - 2 meat rations
 p - a slice of pizza
 q - a chunk of flesh


   Skills:
 * Level 3.8 Fighting
 * Level 4.2 Axes
 * Level 5.2 Armour
 * Level 5.4 Shields


You had 5 spell levels left.
You didn't know any spells.

Dungeon Overview and Level Annotations

Branches:
Dungeon (4/15)
 Temple: D:4-7

Altars:

Annotations:
D:4 Grinder


Innate Abilities, Weirdness & Mutations

You are resistant to damage.
You can recharge devices by infusing magical energy.
You passively map a small area around you.
You do not regenerate naturally.


Message History

An ogre comes into view. It is wielding a giant club.
The ogre shouts!
The ogre moves out of view.
Found a scroll of remove curse.
There is an open door here.
Grinder comes into view.
Grinder shouts!
The ogre hits you with a giant club.
You slash the ogre!
The ogre is heavily wounded.
The ogre hits you with a giant club!
* * * LOW HITPOINT WARNING * * *
You slash the ogre!
The ogre is almost dead.
You block the ogre's attack.
A ball python comes into view.
You closely miss the ogre.
The ogre is almost dead.
The ogre hits you with a giant club!!
You die...

** * ..... .., * *
....##.# # , ,, ...?....#
*, * * ,.....#. ## ,.....
,, ,..# , *** .5S #.# , *
*#O# * ** #.# * #@# #.# ,
#.# #.# , ##'## #####.####
, ##...## #......... ♣♣. ,
##.....## #.###.###. *
P♣..## ##.......## #.#.#.#
#. **
.....,*#.........###.....#
#. .... ,
+.........'.......# #. *
*#... *
#.........###.....###.


You could see Grinder, an ogre and a ball python.

Vanquished Creatures
  A phantom (D:4)
  A giant frog (D:4)
  An orc priest (D:4)
  An orc wizard (D:4)
  2 iguanas (D:4)
  Natasha (twice) (D:4)
  7 adders
  3 worms
  A dart slug (D:3)
  3 giant geckos
  6 orcs
  3 giant cockroaches (D:1)
  7 goblins
  7 hobgoblins
  A ball python skeleton (D:4)
  7 bats
  3 giant newts
  7 kobolds
  A rat (D:2)
64 creatures vanquished.

Notes
Turn   | Place    | Note
--------------------------------------------------------------
     0 | D:1      | Lovchig the Deep Dwarf Fighter began the quest for the Orb.
     0 | D:1      | Reached XP level 1. HP: 20/20 MP: 1/1
   183 | D:1      | Reached XP level 2. HP: 27/27 MP: 0/2
   757 | D:2      | Reached XP level 3. HP: 32/34 MP: 0/3
  1237 | D:2      | Reached XP level 4. HP: 36/42 MP: 0/4
  2190 | D:4      | Noticed a phantom
  2237 | D:4      | Killed a phantom
  2237 | D:4      | Reached XP level 5. HP: 37/49 MP: 0/5
  2388 | D:4      | Reached skill level 5 in Shields
  2392 | D:4      | Reached XP level 6. HP: 30/56 MP: 0/6
  2413 | D:4      | Noticed Natasha
  2422 | D:4      | Reached skill level 5 in Armour
  2434 | D:4      | Killed Natasha
  2604 | D:4      | Noticed Natasha
  2618 | D:4      | Killed Natasha
  2776 | D:4      | Noticed Grinder
  2780 | D:4      | Slain by an ogre

Skill      XL: |  1  2  3  4  5  6 |
---------------+-------------------+-----
Fighting       | 3 |  3.8
Shields        | 4 5 |  5.4
Armour         | 4 5 |  5.2
Axes           | 3 4 |  4.2

Action                   |  1- 3 |  4- 6 || total
-------------------------+-------+-------++-------
Melee: War axe           |   113 |   173 ||   286
Evoke: Wand              |       |     4 ||     4
  Use: Scroll            |     8 |     3 ||    11
  Eat: Chunk             |     1 |     6 ||     7
Armor: Scale mail        |    56 |     3 ||    59
       Plate armour      |       |    60 ||    60
Dodge: Dodged            |    38 |    26 ||    64
Block: Shield            |    62 |    91 ||   153
